 Dungeon Crawl Stone Soup version 0.19.0-19-g8c6edcc (webtiles) character file.

760 Jerry the Chucker (level 7, -8/67 HPs)
             Began as an Ogre Hunter on Nov 13, 2016.
             Was an Initiate of Makhleb.
             Mangled by Pikel
             ... wielding a +1 whip of electrocution
              (17 damage)
             ... on level 5 of the Dungeon.
             The game lasted 00:20:25 (4883 turns).

Jerry the Chucker (Ogre Hunter)                     Turns: 4883, Time: 00:20:26

Health: -8/67      AC: 12    Str: 18    XL:     7   Next: 80%
Magic:  7/7        EV: 10    Int: 10    God:    Makhleb [......]
Gold:   47         SH:  0    Dex: 15    Spells: 0 memorised, 6 levels left

rFire  . . .     SeeInvis .     v - +4 quarterstaff (chaos)
rCold  . . .     Gourm    .     q - quicksilver dragon scales
rNeg   . . .     Faith    .     (shield currently unavailable)
rPois  .         Spirit   .     (helmet restricted)
rElec  .         Reflect  .     w - +0 cloak
rCorr  .         Harm     .     (gloves unavailable)
MR     +....                    (boots unavailable)
Stlth  +.........               (no amulet)
                                y - ring of flight
                                s - +3 ring of dexterity

@: no status effects
A: unfitting armour, tough skin 1
a: Renounce Religion, Evoke Flight


You were on level 5 of the Dungeon.
You worshipped Makhleb.
Makhleb was noncommittal.
You were not hungry.

You visited 2 branches of the dungeon, and saw 6 of its levels.

You collected 185 gold pieces.
You spent 138 gold pieces at shops.

Inventory:

Hand Weapons
 v - a +4 quarterstaff of chaos (weapon)
 x - a +0 mace
Missiles
 c - 4 large rocks (quivered)
 d - a throwing net
Armour
 q - quicksilver dragon scales (worn)
 w - a +0 cloak (worn)
Jewellery
 h - a +2 ring of evasion {unknown}
 s - a +3 ring of dexterity (left hand)
 y - a ring of flight (right hand)
Wands
 m - a wand of slowing (17/48)
 o - a wand of random effects (11/48)
Scrolls
 e - 4 scrolls of identify
 g - 2 scrolls of fog
 k - a scroll of teleportation
 l - 4 scrolls of remove curse
 u - a scroll of magic mapping
Potions
 b - a potion of brilliance {unknown}
 i - 4 potions of agility
 j - a potion of invisibility
 n - a potion of flight
 p - 3 potions of heal wounds
 z - a potion of ambrosia
 B - a potion of might
Comestibles
 a - 6 chunks of flesh
 f - 3 bread rations
 r - 2 meat rations
 t - a slice of pizza
 A - a beef jerky


   Skills:
 - Level 3.0 Fighting
 + Level 6.0 Maces & Flails
 + Level 6.2 Throwing
 + Level 3.1 Armour
 - Level 2.8 Dodging
 - Level 0.6 Stealth


You had 6 spell levels left.
You didn't know any spells.

Dungeon Overview and Level Annotations

Branches:
Dungeon (5/15)             Temple (1/1) D:5

Altars:
Ashenzari
Cheibriados
Dithmenos
Fedhas
Gozag
Hepliaklqana
Kikubaaqudgha
Makhleb
Nemelex Xobeh
Okawaru
Qazlal
Ru
Sif Muna
Trog
Uskayaw
Vehumet
Xom
Zin
The Shining One

Shops:
D:4 *

Annotations:
D:5 Pikel


Innate Abilities, Weirdness & Mutations

You are too large for most types of armour.
You have tough skin. (AC +1)


Message History

You are electrocuted!
Pikel hits you with a whip of electrocution.
You hit Pikel.
Waves of light ripple over Pikel's body.
Pikel is severely wounded.
Pikel hits you with a whip of electrocution.
You are electrocuted!
You hit Pikel. You freeze Pikel.
Pikel is severely wounded.
Pikel hits you with a whip of electrocution.
* * * LOW HITPOINT WARNING * * *
You are electrocuted!
* * * LOW HITPOINT WARNING * * *
Throwing (i - inventory. (,) - cycle):
c - 5 large rocks (quivered)
Press: ? - help, Shift-Dir - straight line, f - Pikel
Aim: Pikel, wielding a whip of electrocution and wearing a robe (severely wounded)
You throw a large rock. The large rock hits Pikel.
Pikel is almost dead.
Pikel hits you but does no damage.
You are electrocuted!
You die...

#.# ##### #.# >...##### #.#
##......###.### ### ##.#.#
#.......# pp #....#
#.#.#...# #.
##.#.###.#.#...###
######.#####..).............
........ppK@)..####..#######
######.#####..## #.## # #.
#..# #.# # #. #..# #.# # #.
#..# #.# # #. #..###
#.######## #.
#.....##.#....... #.
.##........#####
#(.........# #


You could see Pikel and 2 slaves.

Vanquished Creatures
  Prince Ribbit (D:5)
  2 slaves (D:5)
  A centaur (D:5)
  A crimson imp (D:5)
  2 hounds
  3 orc priests
  Crazy Yiuf (D:3)
  3 iron imps (D:3)
  Terence (D:2)
  2 worker ants (D:4)
  5 adders
  2 oozes
  An adder skeleton (D:5)
  3 worms
  9 orcs
  A giant cockroach (D:2)
  6 goblins
  7 hobgoblins
  6 jackals
  6 kobolds
  A quokka (D:4)
  2 ball pythons
  10 bats
  3 frilled lizards
  A leopard gecko skeleton (D:4)
  7 rats
87 creatures vanquished.

Notes
Turn   | Place    | Note
-------+----------+-------------------------------------------
     0 | D:1      | Jerry the Ogre Hunter began the quest for the Orb.
     0 | D:1      | Reached XP level 1. HP: 22/22 MP: 1/1
   362 | D:1      | Reached XP level 2. HP: 31/31 MP: 2/2
   819 | D:1      | Reached skill level 1 in Maces & Flails
  1258 | D:2      | Reached XP level 3. HP: 22/37 MP: 3/3
  1444 | D:2      | Noticed Terence
  1456 | D:2      | Killed Terence
  1868 | D:2      | Reached XP level 4. HP: 30/45 MP: 4/4
  2540 | D:3      | Found a burning altar of Makhleb.
  2741 | D:3      | Found a glowing golden altar of the Shining One.
  2741 | D:3      | Found a shattered altar of Ashenzari.
  2881 | D:3      | Found a runed door.
  2885 | D:3      | Noticed Crazy Yiuf
  2890 | D:3      | Killed Crazy Yiuf
  2890 | D:3      | Reached XP level 5. HP: 53/53 MP: 5/5
  3367 | D:3      | Reached skill level 1 in Armour
  3433 | D:3      | Reached skill level 5 in Throwing
  3435 | D:3      | Reached XP level 6. HP: 47/61 MP: 6/6
  3522 | D:4      | Found Buwo's Assorted Antiques.
  3530 | D:4      | Bought a scroll labeled QULONE CIEHEUD for 23 gold pieces
  3530 | D:4      | Bought a tubular granite ring for 115 gold pieces
  3802 | D:4      | Found a snail-covered altar of Cheibriados.
  4342 | D:5      | Entered Level 5 of the Dungeon
  4362 | D:5      | Found a staircase to the Ecumenical Temple.
  4376 | D:5      | Reached XP level 7. HP: 67/67 MP: 7/7
  4380 | D:5      | Reached skill level 5 in Maces & Flails
  4415 | Temple   | Entered the Ecumenical Temple
  4680 | D:3      | Became a worshipper of Makhleb the Destroyer
  4763 | D:5      | Noticed Prince Ribbit
  4768 | D:5      | Killed Prince Ribbit
  4864 | D:5      | Noticed Pikel
  4883 | D:5      | Mangled by Pikel

Skill      XL: |  1  2  3  4  5  6  7 |
---------------+----------------------+-----
Fighting       | 3 |  3.0
Dodging        | 2 |  2.8
Maces & Flails | 1 2 3 4 6 |  6.0
Armour         | 1 2 3 |  3.1
Throwing       | 5 6 |  6.2
Stealth        | |  0.6

Action                   |  1- 3 |  4- 6 |  7- 9 || total
-------------------------+-------+-------+-------++-------
Melee: Short sword       |    20 |       |       ||    20
       Club              |   127 |    66 |       ||   193
       Quarterstaff      |       |    86 |    43 ||   129
Throw: Large rock        |     5 |    20 |     3 ||    28
       Throwing net      |       |     1 |       ||     1
  Use: Scroll            |       |     8 |     4 ||    12
 Stab: Sleeping          |     2 |     1 |       ||     3
  Eat: Chunk             |     3 |     9 |     1 ||    13
Armor: Robe              |    46 |     8 |       ||    54
       Quicksilver drago |       |    63 |    23 ||    86
Dodge: Dodged            |    93 |   117 |    23 ||   233
